 Dungeon Crawl Stone Soup version 0.29.1-12-g30fa7ad0bf (webtiles) character file.

Game seed: 5405301880951508936

55 GeoRichter the Gusty (level 3, -5/19 HPs)
             Began as a Tengu Air Elementalist on Dec 26, 2022.
             Slain by an iguana (14 damage)
             ... on level 2 of the Dungeon.
             The game lasted 00:02:35 (1868 turns).

GeoRichter the Gusty (Tengu Air Elementalist)       Turns: 1868, Time: 00:02:36

Health: -5/19      AC:  2    Str:  8    XL:     3   Next: 93%
Magic:  1/7        EV: 12    Int: 17    God:
Gold:   100        SH:  0    Dex: 14    Spells: 4/7 levels left

rFire   . . .      SeeInvis .   h - +0 spear
rCold   . . .      Faith    .   (no shield)
rNeg    . . .      Spirit   .   a - +0 robe
rPois   .          Reflect  .   (helmet restricted)
rElec   .          Harm     .   (no cloak)
rCorr   .          Rampage  .   (no gloves)
Will    .....                   (boots unavailable)
Stlth   ++........              (no amulet)
HPRegen 0.06/turn               (no ring)
MPRegen 0.10/turn               (no ring)

@: no status effects
A: beak, talons 3
a: no special abilities


You were on level 2 of the Dungeon.
You visited 1 branch of the dungeon, and saw 2 of its levels.

You collected 100 gold pieces.

Inventory:

Hand Weapons
 h - a +0 spear (weapon)
   (You found it on level 1 of the Dungeon)
Armour
 a - a +0 robe (worn)
Scrolls
 c - 2 scrolls of identify {unknown}
 d - a scroll of noise {unknown}
 i - a scroll of fog {unknown}
 j - a scroll of blinking {unknown}
 k - a scroll of fear {unknown}
Potions
 b - a potion of magic
 e - a potion of ambrosia {unknown}
 f - a potion of brilliance {unknown}
 g - a potion of curing {unknown}


   Skills:
 - Level 2.1 Dodging
 - Level 2.0 Stealth
 + Level 2.5 Spellcasting
 * Level 3.6 Conjurations
 + Level 4.6 Air Magic


You had 4 spell levels left.
You knew the following spells:

 Your Spells              Type           Power      Damage    Failure   Level
a - Shock                 Conj/Air       64%        1d7       3%          1
b - Static Discharge      Conj/Air       16%        3-5/arc   4%          2

Your spell library contained the following spells:

 Spells                   Type           Power      Damage    Failure   Level
 Swiftness                Air            17%        N/A       9%          3
 Airstrike                Air            8%         2d(2-18)  26%         4
 Blink                    Tloc           4%         N/A       28%         2
 Manifold Assault         Tloc           2%         N/A       99%         5
 Malign Gateway           Summ/Tloc      1%         N/A       100%        7
 Storm Form               Tmut/Air       5%         N/A       100%        7
 Summon Horrible Things   Summ           1%         N/A       100%        8


Dungeon Overview and Level Annotations

Branches:
Dungeon (2/15) Zot: 10130

Altars:


Innate Abilities, Weirdness & Mutations

You have a beak for a mouth.
You have claws for feet.


Message History

The zap hits the worm.
The zap hits the worm.
The zap hits the worm.
The zap misses the worm.
The zap misses the worm.
The zap hits the worm.
You are out of magic!
You are out of magic!
You are out of magic!
You are out of magic!
You reach to attack!
You hit the giant cockroach but do no damage.
You hit the giant cockroach but do no damage.
The giant cockroach barely misses you.
You hit the giant cockroach but do no damage.
Your kick misses the giant cockroach. Your peck misses the giant cockroach.
The giant cockroach closely misses you. The giant cockroach barely misses you.
You barely miss the giant cockroach. Your kick misses the giant cockroach.
The giant cockroach closely misses you.
You hit the giant cockroach.
You kill the giant cockroach!
The worm is struck by an arc of lightning!
You are struck by an arc of lightning.
The worm is struck by an arc of lightning!
The lightning grounds out.
The worm bites you.
You hit the worm.
You kill the worm!
You see here a worm corpse.
A rat comes into view.
A rat is nearby!
The zap hits the rat.
You kill the rat!
You can't see any susceptible monsters within range! (Use Z to cast anyway.)
You can't see any susceptible monsters within range! (Use Z to cast anyway.)
A rat comes into view.
Found a viscous dark potion.
The zap hits the rat.
You hear an angry hiss.
The zap hits the rat.
You kill the rat!
The zap hits the iguana.
An iguana is nearby!
The zap hits the iguana.
The iguana bites you!
The iguana is struck by an arc of lightning.
You are struck by an arc of lightning.
* * * LOW HITPOINT WARNING * * *
The iguana is struck by an arc of lightning.
The lightning grounds out.
The iguana bites you!
Ouch! That really hurt!
You die...

#.......#.........#
.#+##...#.........# .
. #...#.........# ..
.. ....#.........# l..
#!. #.#..#.........#
.... ....
#..#.........# S....
#.... #..#.........#
...K.
......###..#.#.#######
....# #.....l@.....#.#
....# #..###########.#
##..# ... .. .#


You could see an iguana.

Vanquished Creatures
  An adder (D:2)
  3 worms (D:2)
  A dart slug (D:1)
  4 endoplasms
  A giant cockroach (D:2)
  A goblin (D:2)
  3 hobgoblins
  2 quokkas (D:1)
  6 ball pythons
  4 bats
  2 frilled lizards (D:1)
  2 kobolds
  6 rats
36 creatures vanquished.

Notes
Turn   | Place    | Note
-------+----------+-------------------------------------------
     0 | D:1      | GeoRichter the Tengu Air Elementalist began the quest for
                  | the Orb.
     0 | D:1      | Reached XP level 1. HP: 10/10 MP: 4/4
   323 | D:1      | Reached XP level 2. HP: 10/15 MP: 3/6
   513 | D:1      | Found a faded altar of an unknown god.
  1188 | D:2      | Learned a level 2 spell: Static Discharge
  1222 | D:2      | Reached XP level 3. HP: 19/19 MP: 4/7
  1868 | D:2      | Slain by an iguana

Illustrated notes

Levels and vault maps discovered:
D:1:      minmay_arrival_arboretum_small, layout_loops_ring,
          ebering_ecumenical_altar_petrified
D:2:      layout_basic, basic_altar

Skill      XL: |  1  2  3 |
---------------+----------+-----
Conjurations   | 2 3 |  3.6
Dodging        | |  2.1
Stealth        | |  2.0
Spellcasting   | |  2.5
Air Magic      | |  4.6

Action                   || total
-------------------------++-------
Melee: Spear             ||     6
 Cast: Shock             ||    93
       Static Discharge  ||     2
Armor: Robe              ||     1
Dodge: Dodged            ||    10
